 Dungeon Sprint DCSS version 0.20-a0-833-gc632bec (webtiles) character file.

5700000 esc the Conqueror (level 27, -33/249 HPs)
             Began as a Demonspawn Warper on Mar 7, 2017.
             Was the Champion of Makhleb.
             Annihilated by a meat berserker
             ... wielding a +9 battleaxe
              (76 damage)
             ... in the Dungeon (Sprint VIII: "Arena of Blood").
             The game lasted 00:02:00 (57 turns).

esc the Conqueror (Demonspawn Warper)                 Turns: 57, Time: 00:02:02

Health: -33/249    AC:  6    Str: 19    XL:     27
Magic:  54/54      EV: 43    Int: 15    God:    Makhleb [******]
Gold:   0          SH:  0    Dex: 28    Spells: 80/80 levels left

rFire    + . .     SeeInvis +   l - +∞ Axe of Woe
rCold    . . .     Gourm    .   b - +0 leather armour
rNeg     . . .     Faith    .   (shield currently unavailable)
rPois    .         Spirit   .   (helmet unavailable)
rElec    .         Reflect  .   (no cloak)
rCorr    .         Harm     .   (gloves unavailable)
MR       ++...     NoTele   +   (boots unavailable)
Stlth    ++++++++++             (no amulet)
Regen    0.6/turn               (no ring)
MPRegen  0.4/turn               (no ring)

@: mighty, agile
A: antennae 3, claws 3, talons 3, fire resistance 1, hurl damnation, foul stench
2, powered by pain 3, rot immunity, flame cloud immunity
a: Hurl Damnation, Minor Destruction, Lesser Servant of Makhleb, Major
Destruction, Greater Servant of Makhleb, Renounce Religion


You were in the Dungeon.
You worshipped Makhleb.
Makhleb was exalted by your worship.
You were not hungry.

You visited 1 branch

Inventory:

Hand Weapons
 a - a +0 hand axe
 l - the +∞ Axe of Woe (weapon)
   (You found it in the Dungeon)
Missiles
 e - 5 tomahawks of dispersal {=f}
Armour
 b - a +0 leather armour (worn)
Jewellery
 m - an uncursed ring of see invisible {sInv, !d}
   (You found it in the Dungeon)
Scrolls
 d - 2 scrolls of blinking {!r}
Potions
 g - a potion of curing
 h - a potion of heal wounds
 i - a potion of haste
 j - 2 potions of magic
 k - a potion of berserk rage {!q}
Books
 c - a book of Spatial Translocations
Comestibles
 f - a bread ration {@e1}


   Skills:
 O Level 27 Fighting
 O Level 27 Axes
 O Level 27 Throwing
 O Level 27 Armour
 O Level 27 Dodging
 O Level 27 Stealth
 O Level 27 Unarmed Combat
 O Level 27 Spellcasting
   Level 2.6 Translocations
 O Level 27 Invocations


You had 80 spell levels left.
You didn't know any spells.

Dungeon Overview and Level Annotations

Branches:
Dungeon (1/1)

Altars:
Makhleb


Innate Abilities, Weirdness & Mutations

You have a pair of large antennae on your head. (SInv)
You have claws for hands.
You have claws for feet.
Your flesh is heat resistant. (rF+)
You can hurl damnation.
You frequently emit foul miasma when damaged in melee.
You are powered by pain.
You are immune to rotting.
You are immune to clouds of flame.


Message History

You regained 85 hp, and now have 133/249 hp.
The destroyer shouts! x2
You slice the destroyer!!
You dissect the destroyer like a pig carcass.
You destroy the destroyer!
Makhleb accepts your kill.
You feel better.
You hear a shout! x8
You regained 54 hp, and now have 187/249 hp.
You slash the meat berserker!
You hew the meat berserker savagely.
You kill the meat berserker!
Makhleb accepts your kill.
You feel better.
You hear a shout! x6
Health restored: 249 A destroyer comes into view.
It is wielding a +9 great sword of slicing.
You hear a shout! x6
The destroyer blinks!
You hear a shout! x5
The eight-headed meat hydra calls on the powers of darkness!
The eight-headed meat hydra convulses!
The bag of meat convulses!
Your body is wracked with pain!
You focus on the pain.
You feel more agile all of a sudden.
The destroyer moves out of view.
You hear a shout!
You take 123 damage, and have 126/249 hp.
MASSIVE DAMAGE!!
Unknown command.
A tyrant comes into view.
You hear a shout! x2
The destroyer blinks!
You hear a shout!
You cut the destroyer into ribbons!!!
You butcher the destroyer messily.
You destroy the destroyer!
Makhleb accepts your kill.
You feel better.
You hear a shout! x2
The meat berserker appears out of thin air!
A meat berserker comes into view. It is wielding a +9 battleaxe.
You hear a shout!
You regained 66 hp, and now have 193/249 hp.
Unknown command.
You hear a shout! x5
A meat berserker comes into view. It is wielding a +9 battleaxe.
You hear a shout! x6
The meat berserker is engulfed in dark miasma.
The meat berserker is poisoned.
The meat berserker rages.
You hear a shout!
You see here an uncursed ring of see invisible {sInv, !d}.
m - an uncursed ring of see invisible {sInv, !d} You hear a shout! x2
Put on which piece of jewellery? (? for menu, Esc to quit)
Okay, then.
Unknown command.
You hear a shout!
The destroyer blinks!
You hear a shout!
The eight-headed meat hydra calls on the powers of darkness!
The eight-headed meat hydra convulses!
The bag of meat convulses!
The meat berserker convulses!
Your body is wracked with pain!
You hear a shout! x2
The meat berserker barely misses you.
You take 95 damage, and have 99/249 hp.
MASSIVE DAMAGE!!
Unknown command.
Unknown command.
You slice the destroyer!!
You pulverise the destroyer into a thin bloody mist.
You destroy the destroyer!
Makhleb accepts your kill.
You feel better.
You slash the meat berserker!
You cleave the meat berserker in twain.
You kill the meat berserker!
Makhleb accepts your kill.
You hear a shout! x3
The eight-headed meat hydra calls on the powers of darkness!
The eight-headed meat hydra convulses!
The bag of meat convulses!
Your body is wracked with pain!
You focus on the pain.
You feel more agile all of a sudden.
You hear a shout!
You take 16 damage, and have 83/249 hp.
Unknown command.
Unknown command.
Unknown command.
You hear a shout! x3
The accursed appears out of thin air!
An accursed comes into view.
You hear a shout! x2
The eight-headed meat hydra calls on the powers of darkness!
The eight-headed meat hydra convulses!
The bag of meat convulses!
Your body is wracked with pain!
* * * LOW HITPOINT WARNING * * *
The meat berserker convulses!
You hear a shout!
The meat berserker hits you with a +9 battleaxe!!!!
You die...

################
##.......@O......
........)o....M..
......##L##.#####
.......)...V....%.
##..o))##.##%....
......)D...L......
........))#.#.....
........))..{.....
#.......))§..V....


You could see an accursed (wandering), a tyrant, an eight-headed meat hydra, a
destroyer, a meat berserker (berserk) and a bag of meat.

Vanquished Creatures
  Harold (D)
  6 vampire knights (D)
  15 ogres (D)
  3 two-headed ogres (D)
  45 orcs (D)
  A skeletal warrior (D)
71 creatures vanquished.

Notes
Turn   | Place    | Note
-------+----------+-------------------------------------------
     0 | D        | esc the Demonspawn Warper began the quest for the Orb.
     0 | D        | Reached XP level 1. HP: 16/16 MP: 3/3
     4 | D        | Became a worshipper of Makhleb the Destroyer
     6 | D        | Noticed a bag of meat
     6 | D        | Noticed a bag of meat
     7 | D        | Noticed a meat berserker
     7 | D        | Noticed a bag of meat
     7 | D        | Noticed a bag of meat
     8 | D        | Noticed a bag of meat
     9 | D        | Noticed a meat berserker
     9 | D        | Killed a bag of meat
     9 | D        | Reached skill level 14 in Fighting
     9 | D        | Reached skill level 13 in Axes
     9 | D        | Reached skill level 13 in Armour
     9 | D        | Reached skill level 13 in Dodging
     9 | D        | Gained mutation: You sometimes gain a little power by taking damage. [demonic ancestry]
     9 | D        | Reached XP level 2. HP: 43/43 MP: 5/5
     9 | D        | Reached XP level 3. HP: 49/49 MP: 6/6
     9 | D        | Gained mutation: You are immune to rotting. [demonic ancestry]
     9 | D        | Reached XP level 4. HP: 56/56 MP: 7/7
     9 | D        | Reached XP level 5. HP: 62/62 MP: 8/8
     9 | D        | Gained mutation: You sometimes gain power by taking damage. [demonic ancestry]
     9 | D        | Reached XP level 6. HP: 69/69 MP: 9/9
     9 | D        | Reached XP level 7. HP: 75/75 MP: 10/10
     9 | D        | Gained mutation: You have sharp toenails. [demonic ancestry]
     9 | D        | Reached XP level 8. HP: 82/82 MP: 11/11
     9 | D        | Gained mutation: You have a pair of small antennae on your head. [demonic ancestry]
     9 | D        | Reached XP level 9. HP: 88/88 MP: 12/12
     9 | D        | Gained mutation: You have a pair of antennae on your head. [demonic ancestry]
     9 | D        | Reached XP level 10. HP: 95/95 MP: 13/13
     9 | D        | Gained mutation: You have razor-sharp toenails. [demonic ancestry]
     9 | D        | Reached XP level 11. HP: 101/101 MP: 14/14
    10 | D        | Noticed a bag of meat
    10 | D        | Noticed a meat berserker
    10 | D        | Killed a meat berserker
    10 | D        | Reached * piety under Makhleb
    10 | D        | Reached skill level 18 in Fighting
    10 | D        | Reached skill level 16 in Axes
    10 | D        | Reached skill level 16 in Armour
    10 | D        | Reached skill level 16 in Dodging
    10 | D        | Reached XP level 12. HP: 116/116 MP: 15/15
    10 | D        | Gained mutation: You have sharp fingernails. [demonic ancestry]
    10 | D        | Reached XP level 13. HP: 122/122 MP: 16/16
    11 | D        | Noticed a bag of meat
    11 | D        | Noticed a bag of meat
    11 | D        | Noticed a bag of meat
    11 | D        | Noticed a meat berserker
    11 | D        | Noticed a large bag of meat
    12 | D        | Noticed a bag of meat
    12 | D        | Noticed a bag of meat
    12 | D        | Noticed a bag of meat
    12 | D        | Noticed a bag of meat
    12 | D        | Killed a meat berserker
    12 | D        | Reached skill level 20 in Fighting
    12 | D        | Reached skill level 18 in Axes
    12 | D        | Reached skill level 18 in Armour
    12 | D        | Reached skill level 19 in Dodging
    12 | D        | Gained mutation: You have very sharp fingernails. [demonic ancestry]
    12 | D        | Reached XP level 14. HP: 81/136 MP: 17/17
    12 | D        | Killed a bag of meat
    12 | D        | Reached skill level 21 in Fighting
    12 | D        | Reached skill level 19 in Axes
    12 | D        | Reached skill level 19 in Armour
    12 | D        | Gained mutation: You may emit foul miasma when damaged in melee. [demonic ancestry]
    12 | D        | Reached XP level 15. HP: 126/144 MP: 18/18
    12 | D        | Reached ** piety under Makhleb
    12 | D        | Reached skill level 22 in Fighting
    12 | D        | Reached skill level 20 in Axes
    12 | D        | Reached skill level 20 in Armour
    12 | D        | Reached skill level 20 in Dodging
    13 | D        | Killed a meat berserker
    13 | D        | Reached skill level 23 in Fighting
    13 | D        | Reached skill level 22 in Axes
    13 | D        | Reached skill level 21 in Armour
    13 | D        | Reached skill level 22 in Dodging
    13 | D        | Gained mutation: You have claws for feet. [demonic ancestry]
    13 | D        | Reached XP level 16. HP: 97/157 MP: 19/19
    13 | D        | HP: 20/157 [meat berserker/+9 battleaxe (77)]
    14 | D        | Killed a meat berserker
    14 | D        | Reached skill level 24 in Fighting
    14 | D        | Reached skill level 23 in Axes
    14 | D        | Reached skill level 23 in Armour
    14 | D        | Reached skill level 23 in Dodging
    15 | D        | Noticed a large bag of meat
    15 | D        | Reached *** piety under Makhleb
    15 | D        | Reached skill level 25 in Fighting
    15 | D        | Gained mutation: You have claws for hands. [demonic ancestry]
    15 | D        | Reached XP level 17. HP: 133/169 MP: 20/20
    15 | D        | Reached skill level 26 in Fighting
    15 | D        | Reached skill level 24 in Axes
    15 | D        | Reached skill level 24 in Armour
    15 | D        | Reached skill level 24 in Dodging
    16 | D        | Noticed a destroyer
    16 | D        | Noticed a meat berserker
    17 | D        | Reached skill level 25 in Dodging
    17 | D        | Reached **** piety under Makhleb
    17 | D        | Reached skill level 27 in Fighting
    17 | D        | Reached skill level 25 in Axes
    17 | D        | Reached skill level 25 in Armour
    17 | D        | Reached skill level 26 in Axes
    17 | D        | Reached skill level 26 in Armour
    17 | D        | Reached skill level 26 in Dodging
    17 | D        | Gained mutation: You have a pair of large antennae on your head. (SInv) [demonic ancestry]
    17 | D        | Reached XP level 18. HP: 182/182 MP: 21/21
    17 | D        | Reached skill level 27 in Axes
    17 | D        | Reached skill level 27 in Armour
    17 | D        | Reached skill level 27 in Dodging
    17 | D        | Reached skill level 5 in Throwing
    17 | D        | Reached skill level 6 in Stealth
    17 | D        | Reached skill level 5 in Unarmed Combat
    17 | D        | Reached skill level 6 in Spellcasting
    17 | D        | Reached skill level 8 in Invocations
    18 | D        | Noticed a meat berserker
    19 | D        | Killed a large bag of meat
    19 | D        | Reached ***** piety under Makhleb
    19 | D        | Reached skill level 10 in Throwing
    19 | D        | Reached skill level 11 in Stealth
    19 | D        | Reached skill level 10 in Unarmed Combat
    19 | D        | Reached skill level 10 in Spellcasting
    19 | D        | Reached skill level 14 in Invocations
    19 | D        | Reached XP level 19. HP: 184/189 MP: 21/33
    19 | D        | Reached skill level 12 in Throwing
    19 | D        | Reached skill level 12 in Stealth
    19 | D        | Reached skill level 11 in Unarmed Combat
    19 | D        | Reached skill level 12 in Spellcasting
    19 | D        | Reached skill level 16 in Invocations
    19 | D        | Reached skill level 13 in Throwing
    19 | D        | Reached skill level 14 in Stealth
    19 | D        | Reached skill level 13 in Unarmed Combat
    19 | D        | Reached skill level 13 in Spellcasting
    19 | D        | Reached skill level 17 in Invocations
    20 | D        | Reached skill level 14 in Throwing
    20 | D        | Reached skill level 15 in Stealth
    20 | D        | Reached skill level 14 in Unarmed Combat
    20 | D        | Reached skill level 14 in Spellcasting
    20 | D        | Reached skill level 19 in Invocations
    21 | D        | Noticed a meat berserker
    22 | D        | Noticed a meat berserker
    22 | D        | Reached skill level 15 in Throwing
    22 | D        | Reached skill level 16 in Stealth
    22 | D        | Reached skill level 15 in Unarmed Combat
    22 | D        | Reached skill level 15 in Spellcasting
    22 | D        | Reached skill level 20 in Invocations
    22 | D        | Reached skill level 16 in Throwing
    22 | D        | Reached skill level 17 in Stealth
    22 | D        | Reached skill level 16 in Unarmed Combat
    22 | D        | Reached skill level 16 in Spellcasting
    22 | D        | Reached skill level 21 in Invocations
    22 | D        | Killed a large bag of meat
    22 | D        | Reached skill level 17 in Throwing
    22 | D        | Reached skill level 19 in Stealth
    22 | D        | Reached skill level 17 in Unarmed Combat
    22 | D        | Reached skill level 17 in Spellcasting
    22 | D        | Reached skill level 23 in Invocations
    22 | D        | Reached XP level 20. HP: 197/197 MP: 37/41
    22 | D        | Reached ****** piety under Makhleb
    22 | D        | Reached skill level 18 in Throwing
    22 | D        | Reached skill level 18 in Unarmed Combat
    22 | D        | Reached skill level 18 in Spellcasting
    22 | D        | Reached skill level 24 in Invocations
    22 | D        | Reached skill level 19 in Throwing
    22 | D        | Reached skill level 20 in Stealth
    22 | D        | Reached skill level 19 in Unarmed Combat
    22 | D        | Reached skill level 19 in Spellcasting
    22 | D        | Reached skill level 25 in Invocations
    22 | D        | Killed a meat berserker
    22 | D        | Reached skill level 20 in Throwing
    22 | D        | Reached skill level 21 in Stealth
    22 | D        | Reached skill level 20 in Unarmed Combat
    22 | D        | Reached skill level 20 in Spellcasting
    22 | D        | Reached skill level 26 in Invocations
    23 | D        | Noticed a meat berserker
    23 | D        | Killed a meat berserker
    23 | D        | Reached skill level 21 in Throwing
    23 | D        | Reached skill level 23 in Stealth
    23 | D        | Reached skill level 21 in Unarmed Combat
    23 | D        | Reached skill level 21 in Spellcasting
    23 | D        | Reached skill level 27 in Invocations
    23 | D        | Gained mutation: Your flesh is heat resistant. (rF+) [demonic ancestry]
    23 | D        | Reached XP level 21. HP: 204/204 MP: 38/46
    23 | D        | Reached skill level 22 in Throwing
    23 | D        | Reached skill level 22 in Unarmed Combat
    23 | D        | Reached skill level 22 in Spellcasting
    23 | D        | Reached skill level 23 in Throwing
    23 | D        | Reached skill level 25 in Stealth
    23 | D        | Reached skill level 23 in Unarmed Combat
    23 | D        | Reached skill level 23 in Spellcasting
    24 | D        | Reached skill level 24 in Throwing
    24 | D        | Reached skill level 24 in Unarmed Combat
    24 | D        | Reached skill level 24 in Spellcasting
    24 | D        | Reached skill level 26 in Stealth
    24 | D        | Reached XP level 22. HP: 212/212 MP: 38/50
    24 | D        | Reached skill level 25 in Throwing
    24 | D        | Reached skill level 27 in Stealth
    24 | D        | Reached skill level 25 in Unarmed Combat
    24 | D        | Reached skill level 25 in Spellcasting
    25 | D        | Reached skill level 26 in Unarmed Combat
    25 | D        | Reached skill level 26 in Spellcasting
    25 | D        | Reached skill level 26 in Throwing
    25 | D        | Reached skill level 27 in Throwing
    25 | D        | Reached skill level 27 in Unarmed Combat
    25 | D        | Reached skill level 27 in Spellcasting
    26 | D        | Noticed a large bag of meat
    28 | D        | Gained mutation: You are immune to clouds of flame. [demonic ancestry]
    28 | D        | Reached XP level 23. HP: 219/219 MP: 39/54
    29 | D        | Gained mutation: You frequently emit foul miasma when damaged in melee. [demonic ancestry]
    29 | D        | Reached XP level 24. HP: 227/227 MP: 39/54
    31 | D        | Noticed The Servant
    32 | D        | Killed a destroyer
    32 | D        | Gained mutation: You are powered by pain. [demonic ancestry]
    32 | D        | Reached XP level 25. HP: 234/234 MP: 40/54
    32 | D        | Killed a large bag of meat
    33 | D        | HP: 53/234 [bag of meat/+9 war axe (11)]
    34 | D        | Killed The Servant
    34 | D        | Reached XP level 26. HP: 214/242 MP: 41/54
    35 | D        | Noticed a large bag of meat
    35 | D        | Noticed a destroyer
    40 | D        | Noticed a destroyer
    41 | D        | Noticed a destroyer
    43 | D        | Killed a destroyer
    43 | D        | Killed a destroyer
    43 | D        | Gained mutation: You can hurl damnation. [demonic ancestry]
    43 | D        | Reached XP level 27. HP: 219/249 MP: 54/54
    45 | D        | HP: 48/249 [??? (46)]
    46 | D        | Noticed a destroyer
    47 | D        | Noticed a destroyer
    47 | D        | Killed a destroyer
    49 | D        | Noticed a destroyer
    50 | D        | Noticed a tyrant
    51 | D        | Killed a destroyer
    56 | D        | Killed a destroyer
    57 | D        | HP: 43/249 [??? (41)]
    57 | D        | Annihilated by a meat berserker

Vault maps used:
D:        meatsprint

Skill      XL: |  1  2  3  4  5  6  7  8  9 10 11 12 13 14 15 16 17 18 19 20 21 22 |
---------------+-------------------------------------------------------------------+-----
Fighting       | 14 18 20 21 23 25 27 | 27.0
Axes           | 13 16 18 19 22 23 26 27 | 27.0
Armour         | 13 16 18 19 21 23 26 27 | 27.0
Dodging        | 13 16 19 22 23 26 27 | 27.0
Throwing       | 10 17 21 24 27 | 27.0
Stealth        | 11 19 23 26 27 | 27.0
Unarmed Combat | 10 17 21 24 27 | 27.0
Spellcasting   | 10 17 21 24 27 | 27.0
Invocations    | 14 23 27 | 27.0
Translocations | |  2.6

Action                   |  1- 3 |  4- 6 |  7- 9 | 10-12 | 13-15 | 16-18 | 19-21 | 22-24 | 25-27 || total
-------------------------+-------+-------+-------+-------+-------+-------+-------+-------+-------++-------
Melee: Executioner's axe |     1 |       |       |     1 |     2 |     4 |     4 |     6 |    12 ||    30
Dodge: Dodged            |       |       |       |       |     1 |     1 |       |     2 |     2 ||     6

Vault maps used:
D:        meatsprint

Table legend:
 A = Turns spent in this place as a percentage of turns spent in the entire game.
 B = Non-inter-level travel turns spent in this place as a percentage of non-inter-level travel turns spent in the entire game.
 C = Inter-level travel turns spent in this place as a percentage of turns spent in this place.
 D = Turns resting spent in this place as a percentage of non-inter-level travel turns spent in this place.
 E = Turns spent auto-exploring this place as a percentage of non-inter-level travel turns spent in this place.
 F = Non-inter-level travel turns spent in this place divided by the number of levels of this place that you've seen.
                   A       B       C       D       E      F
               +-------+-------+-------+-------+-------+----------------------
         Total | 100.0 | 100.0 |   0.0 |   0.0 |   0.0 | 152.0
       Dungeon | 100.0 | 100.0 |   0.0 |   0.0 |   0.0 | 152.0
               +-------+-------+-------+-------+-------+----------------------

Table legend:
 A = Kills in this place as a percentage of kills in entire the game.
 B = Kills by you in this place as a percentage of kills by you in the entire game.
 C = Kills by friends in this place as a percentage of kills by friends in the entire game.
 D = Other kills in this place as a percentage of other kills in the entire game.
 E = Experience gained in this place as a percentage of experience gained in the entire game.
 F = Experience gained in this place divided by the number of levels of this place that you have seen.
                   A       B       C       D       E      F
               +-------+-------+-------+-------+-------+----------------------
         Total | 100.0 | 100.0 |  -nan |  -nan | 100.0 | 1748971.0
       Dungeon | 100.0 | 100.0 |  -nan |  -nan | 100.0 | 1748971.0
               +-------+-------+-------+-------+-------+----------------------
